 Dungeon Crawl Stone Soup version 0.31-a0-1019-g3dd9dd1025 (webtiles) character file.

Game seed: 4788581614063036621

152802 BinkBink the Phalangite (level 17, -6/168 HPs)
             Began as a Minotaur Fighter on Nov 17, 2023.
             Was the Champion of the Shining One.
             Succumbed to a black mamba's poison
             ... on level 4 of the Snake Pit.
             The game lasted 00:40:26 (27686 turns).

BinkBink the Phalangite (Minotaur Fighter)         Turns: 27686, Time: 00:40:26

Health: -6/168     AC: 39    Str: 26    XL:     17   Next: 3%
Magic:  16/16      EV:  7    Int:  8    God:    the Shining One [******]
Gold:   863        SH:  0    Dex: 13    Spells: 16/16 levels left

rFire   + . .        J - +8 glaive of Chance {freeze, Int+3}
rCold   + + .        (shield currently unavailable)
rNeg    + + +        V - +6 crystal plate armour {rC+}
rPois   .            I - +1 hat
rElec   .            u - scarf {shadows}
rCorr   .            Q - +0 pair of gloves
SInv    .            S - +2 pair of boots of the Swamp {rC+}
Will    +....        Y - amulet of regeneration Stlth
                     L - ring of protection from fire
HPRegen 1.28/turn    R - +4 ring of slaying
MPRegen 0.15/turn

%: no passive effects
@: lethally poisoned (-6 -> -51), glowing, studying 2 skills
A: horns 2, retaliatory headbutt
a: Renounce Religion, Divine Shield, Cleansing Flame, Summon Divine Warrior,
Brand Weapon With Holy Wrath


You were on level 4 of the Snake Pit.
You worshipped the Shining One.
The Shining One was exalted by your worship.
You visited 4 branches of the dungeon, and saw 26 of its levels.
You also visited: Sewer, Ossuary, Bailey, Ice Cave and Volcano.

You collected 3200 gold pieces.
You spent 2337 gold pieces at shops.

Inventory:

Hand Weapons
 D - the +10 halberd of Mastery {flame, rPois rN+}
   (You bought it in a shop on level 3 of the Dungeon)

   rPois:     It protects you from poison rN+: It protects you from negative
   energy.
 J - the +8 glaive of Chance (weapon) {freeze, Int+3}
   (You bought it in a shop on level 9 of the Dungeon)

   Int+3:     It affects your intelligence (+3).
Missiles
 a - a throwing net
Armour
 u - a scarf of shadows (worn)
 I - a +1 hat (worn)
 Q - a +0 pair of gloves (worn)
 S - the +2 pair of boots of the Swamp (worn) {rC+}
   (You found it on level 2 of the Lair of Beasts)

   rC+:       It protects you from cold.
 V - a +6 crystal plate armour of cold resistance (worn)
Jewellery
 m - an amulet of guardian spirit
 F - a +6 ring of dexterity
 H - the ring of Igebb {rCorr Dex+2 SInv}
   (You found it on level 5 of the Lair of Beasts)

   [ring of see invisible]

   Dex+2:     It affects your dexterity (+2).
   SInv:      It lets you see invisible.
   rCorr:     It protects you from acid and corrosion.
 L - a ring of protection from fire (left hand)
 R - a +4 ring of slaying (right hand)
 T - a ring of protection from fire
 W - a +6 ring of dexterity
 X - a ring of protection from cold
 Y - an amulet of regeneration (around neck)
 Z - a ring of resist corrosion
Wands
 c - a wand of mindburst (34)
 s - a wand of flame (54)
 y - a wand of paralysis (20)
 z - a wand of acid (21)
 G - a wand of roots (8)
 M - a wand of digging (8)
 P - a wand of polymorph (6)
Scrolls
 b - a scroll of silence
 e - 4 scrolls of butterflies
 f - 4 scrolls of noise
 h - 4 scrolls of teleportation
 n - 8 scrolls of fear
 p - 2 scrolls of blinking
 t - 10 scrolls of poison
 v - 2 scrolls of fog
 w - 9 scrolls of enchant weapon
 x - a scroll of brand weapon
 E - 4 scrolls of immolation
 K - a scroll of identify
 N - a scroll of revelation
 O - 2 scrolls of amnesia
 U - a scroll of torment
Potions
 d - 4 potions of might
 g - 20 potions of curing
 i - a potion of magic
 j - 4 potions of heal wounds
 k - 2 potions of brilliance
 l - 13 potions of haste
 o - 5 potions of ambrosia
 q - 5 potions of enlightenment
 r - 3 potions of berserk rage
 A - 3 potions of lignification
 B - 3 potions of resistance
 C - 6 potions of mutation


   Skills:
 + Level 19.4 Fighting
 * Level 25.3 Polearms
 + Level 19.7 Armour
 - Level 3.6 Shields


You had 16 spell levels left.
You didn't know any spells.
Your spell library contained the following spells:

 Spells                   Type           Power      Damage    Failure   Level
 Freeze                   Ice            0%         1d3       99%         1
 Sandblast                Erth           0%         2d4       99%         1
 Ensorcelled Hibernation  Hex/Ice        0%         N/A       100%        2
 Jinxbite                 Hex            0%         N/A       100%        2
 Lesser Beckoning         Tloc           0%         N/A       100%        2
 Passwall                 Tmut/Erth      0%         N/A       100%        2
 Poisonous Vapours        Pois/Air       0%         N/A       100%        2
 Scorch                   Fire           0%         2d5       100%        2
 Static Discharge         Conj/Air       0%         3-3/arc   100%        2
 Wereblood                Tmut           0%         N/A       100%        2
 Frozen Ramparts          Ice            0%         1d1       100%        3
 Gell's Gravitas          Tloc           0%         N/A       100%        3
 Hailstorm                Conj/Ice       0%         3d3       100%        3
 Mephitic Cloud           Conj/Pois/Air  0%         N/A       100%        3
 Ozocubu's Armour         Ice            0%         N/A       100%        3
 Stone Arrow              Conj/Erth      0%         3d7       100%        3
 Teleport Other           Tloc           0%         N/A       100%        3
 Tukima's Dance           Hex            0%         N/A       100%        3
 Airstrike                Air            0%         2d(0-16)  100%        4
 Anguish                  Hex/Necr       0%         N/A       100%        4
 Brom's Barrelling Bould  Conj/Erth      0%         2d3       100%        4
 Dimensional Bullseye     Hex/Tloc       0%         N/A       100%        4
 Flame Wave               Conj/Fire      0%         2d4       100%        4
 Iskenderun's Mystic Bla  Conj/Tloc      0%         2d3       100%        4
 Leda's Liquefaction      Hex/Erth       0%         N/A       100%        4
 Passage of Golubria      Tloc           0%         N/A       100%        4
 Summon Ice Beast         Ice/Summ       0%         N/A       100%        4
 Summon Lightning Spire   Summ/Air       0%         N/A       100%        4
 Freezing Cloud           Conj/Ice/Air   0%         6-21      100%        5
 Irradiate                Conj/Tmut      0%         3d11      100%        5
 Lee's Rapid Deconstruct  Erth           0%         3d4*      100%        5
 Metabolic Englaciation   Hex/Ice        0%         N/A       100%        5
 Summon Forest            Summ/Tloc      0%         N/A       100%        5
 Summon Mana Viper        Hex/Summ       0%         N/A       100%        5
 Yara's Violent Unravell  Hex/Tmut       0%         3d3       100%        5
 Bombard                  Conj/Erth      0%         9d1       100%        6
 Simulacrum               Ice/Necr       0%         N/A       100%        6
 Summon Cactus Giant      Summ           0%         N/A       100%        6
 Monstrous Menagerie      Summ           0%         N/A       100%        7


Dungeon Overview and Level Annotations

Branches:
Dungeon (15/15)            Temple (0/1) D:5            Lair (5/5) D:11
  Swamp (0/4) Lair:2        Snake (4/4) Lair:2        Slime (0/5) Lair:4
    Orc (2/2) D:10            Elf (0/3) Orc:2        Vaults (0/5) D:14
 Depths (0/4) D:15          Sewer (visited)         Ossuary (visited)
 Bailey (visited)           IceCv (visited)         Volcano (visited)

Altars:
Dithmenos
Elyvilon
Hepliaklqana
Kikubaaqudgha
Nemelex Xobeh
Sif Muna
Uskayaw
Xom
Zin
The Shining One

Shops:
D:3 *   D:9 :*([   Orc:1 *   Orc:2 [(*:   Snake:2 [   Snake:3 ==:

Annotations:
D:2 1 runed translucent door, Crazy Yiuf
D:14 Roxanne
D:15 3 runed translucent doors, Sacsyrch's ghost, journeyman DrMo
Snake:3 3 runed translucent doors, Busheng's ghost, adept DESh
Orc:1 1 runed translucent door, Troll's ghost, journeyman HOFi


Innate Abilities, Weirdness & Mutations

You have a pair of horns on your head.
You reflexively headbutt those who attack you in melee.


Message History

The bolt of poison hits you!!
You are more poisoned.
* * * LOW HITPOINT WARNING * * *
The bolt of poison hits the naga!
The nagaraja constricts you.
The black mamba bites you but does no damage.
The naga warrior hits you from afar with a +0 glaive.
* * * LOW HITPOINT WARNING * * *
You hear a shout!
You feel much better.
* * * LOW HITPOINT WARNING * * *
You feel extremely sick.
The nagaraja no longer looks unusually strong.
The naga no longer looks unusually strong. x3
The black mamba bites you but does no damage.
The nagaraja hits you but does no damage. x2
The nagaraja constricts you.
A naga warrior comes into view. It is wielding a +0 long sword.
The naga warrior roars a battlecry!
The nagas go into a battle-frenzy!
The naga hits you but does no damage. The naga hits you with a +0 battleaxe.
* * * LOW HITPOINT WARNING * * *
The naga mage hits you but does no damage.
The black mamba bites you.
* * * LOW HITPOINT WARNING * * *
You are more poisoned.
The black mamba poisons you!
The naga warrior hits you from afar with a +0 glaive!
* * * LOW HITPOINT WARNING * * *
The nagaraja barely misses you.
You hear a shout!
A naga mage comes into view. It is wielding a +0 halberd.
Blink to where?
Press: ? - help, Dir - move target You escape the nagaraja's grasp.
As you read the scroll of blinking, it crumbles to dust.
Your surroundings suddenly seem different.
A shock serpent, 4 nagas and a black mamba come into view.
A naga sharpshooter is wielding a +1 hand axe of venom.
Found a scale mail and 4 boomerangs.
You die...

#####
N....######
NN........###
S.....@[.....
#####.......(
#.##......
..# S.....
..N ###...
... ##. ..


You could see 2 naga sharpshooters, a shock serpent (wandering), a black mamba
(wandering), a naga mage (wandering) and a naga (wandering).

Vanquished Creatures
  Mlioglotl (Snake:3)
  3 nagarajas
  An ironbound preserver (D:14)
  3 orc warlords (Orc:2)
  Azrael (D:13)
  Josephine (D:13)
  7 hydras
  A fire dragon (Lair:5)
  An ice dragon (D:14)
  2 vault guards (Bailey)
  A salamander tyrant (Snake:4)
  2 anacondas
  2 ironbound frosthearts (IceCv)
  5 centaur warriors
  3 two-headed ogres
  2 boulder beetles
  22 death yaks
  3 tengu warriors
  A hell hog (Volcano)
  8 naga warriors
  An orc high priest (Orc:2)
  4 shock serpents
  An occultist (D:15)
  2 fire crabs
  3 naga sharpshooters
  4 skysharks
  A salamander mystic (Snake:3)
  A skeletal warrior (D:14)
  Amaemon (Lair:3)
  A swamp dragon (Lair:5)
  A naga ritualist (Snake:3)
  Pikel (D:6)
  A wolf spider zombie (D:15)
  2 deep elf pyromancers
  7 mana vipers
  A necromancer (D:15)
  4 orc knights
  5 cyclopes
  6 orc sorcerers
  20 ugly things
  2 manticores
  A guardian serpent (shapeshifter) (D:15)
  13 salamanders
  9 elephants
  9 naga magi
  14 black mambas
  A centaur zombie (D:15)
  2 guardian serpents
  A molten gargoyle (Volcano)
  2 gargoyles (D:11)
  An ice statue (IceCv)
  Maggie (D:7)
  A centaur skeleton (D:15)
  5 rime drakes
  Jeremiah (D:7)
  9 cane toads
  2 unseen horrors
  An orange demon (Lair:3)
  An efreet (D:15)
  14 komodo dragons
  16 polar bears
  7 trolls
  A polar bear (shapeshifter) (D:15)
  2 hornets
  Prince Ribbit (D:7)
  8 blink frogs
  Grinder (D:6)
  A raiju (Lair:5)
  13 dream sheep (Lair:5)
  27 slime creatures
  8 wraiths
  A spriggan (D:9)
  Sigmund (D:3)
  A shadow (D:12)
  61 yaks
  2 vampires (D:11)
  2 wyverns (D:9)
  7 fire bats (Volcano)
  A steam dragon (shapeshifter) (D:14)
  4 basilisks
  3 humans (Bailey)
  8 steam dragons
  A fire elemental (D:13)
  15 vampire mosquitoes
  3 death yak simulacra (Lair:3)
  21 nagas
  9 wargs
  An acid dragon (D:8)
  8 water moccasins
  Duvessa (D:5)
  24 hell hounds
  33 orc warriors
  5 sky beasts
  A swamp drake (Lair:5)
  2 ice beasts
  12 black bears
  8 ogres
  39 wolves
  6 boggarts
  5 centaurs
  3 phantoms (D:4)
  A kobold brigand (D:8)
  17 bullfrogs
  A gnoll sergeant (D:6)
  A cane toad simulacrum (Lair:3)
  2 scorpions
  A water moccasin zombie (D:4)
  A hornet simulacrum (D:15)
  Dowan (D:5)
  7 killer bees (D:10)
  3 howler monkeys
  2 electric eels
  5 lava snakes (Volcano)
  2 hounds
  23 orc priests
  2 sleepcaps (D:6)
  10 jellies
  Terence (D:2)
  8 iguanas
  5 scorpion zombies (D:4)
  35 orc wizards
  A hell rat (D:11)
  Ijyb (D:5)
  3 hound zombies (D:4)
  A boggart simulacrum (D:15)
  A hound skeleton (D:4)
  9 mummies
  13 adders
  15 gnolls
  8 river rats
  2 shadow imps
  2 ufetubi (D:5)
  An adder zombie (D:4)
  A worm (D:4)
  4 dart slugs (D:1)
  78 orcs
  23 endoplasms
  7 giant cockroaches
  A gnoll zombie (Ossuary)
  11 goblins
  8 hobgoblins
  6 kobolds
  10 quokkas
  9 ball pythons
  6 bats
  11 frilled lizards
  2 hobgoblin zombies (Ossuary)
  2 kobold zombies (Ossuary)
  3 orc zombies (Ossuary)
  11 rats
  A spectral hobgoblin (D:12)
979 creatures vanquished.

Vanquished Creatures (others)
  An orc (Orc:2)
1 creature vanquished.

Grand Total: 980 creatures vanquished

Notes
Turn   | Place    | Note
-------+----------+-------------------------------------------
     0 | D:1      | BinkBink the Minotaur Fighter began the quest for the Orb.
     0 | D:1      | Reached XP level 1. HP: 19/19 MP: 0/0
    59 | D:1      | Reached skill level 3 in Polearms
    59 | D:1      | Reached XP level 2. HP: 27/27 MP: 1/1
   249 | D:1      | Reached XP level 3. HP: 33/33 MP: 2/2
   366 | D:1      | Found a faded altar of an unknown god.
   723 | D:2      | Found a runed translucent door.
   724 | D:2      | Noticed Crazy Yiuf
   775 | D:2      | Noticed Terence
   803 | D:2      | Killed Terence
   804 | D:2      | Reached skill level 4 in Polearms
   804 | D:2      | Reached XP level 4. HP: 5/41 MP: 3/3
  1578 | D:3      | Found Ziuplaz's Assorted Antiques.
  1583 | D:3      | Bought a scroll labelled EHOUCHUTYPN for 26 gold pieces
  1583 | D:3      | Bought a scroll labelled UTHRUMM JASUS for 26 gold pieces
  1706 | D:3      | Noticed Sigmund
  1735 | D:3      | Killed Sigmund
  1736 | D:3      | Reached skill level 5 in Fighting
  1736 | D:3      | Reached skill level 5 in Polearms
  1736 | D:3      | Reached skill level 5 in Armour
  1736 | D:3      | Reached XP level 5. HP: 43/48 MP: 4/4
  1736 | D:3      | Reached XP level 6. HP: 51/56 MP: 5/5
  2081 | D:3      | Reached skill level 6 in Polearms
  2106 | D:3      | Found a glowing drain.
  2110 | Sewer    | Entered a sewer
  2854 | D:4      | Reached XP level 7. HP: 48/62 MP: 6/6
  2863 | D:4      | Reached skill level 7 in Polearms
  3186 | D:4      | Found a sand-covered staircase.
  3199 | Ossuary  | Entered an ossuary
  3737 | D:3      | Bought an ancient halberd for 234 gold pieces
  3737 | D:3      | Identified the +10 halberd of Mastery {flame, rPois rN+}
                  | (You bought it in a shop on level 3 of the Dungeon)
  3825 | D:4      | Reached skill level 8 in Polearms
  3827 | D:4      | Reached XP level 8. HP: 71/71 MP: 7/7
  3861 | D:4      | Found a glowing golden altar of the Shining One.
  3871 | D:4      | Found a glowing silver altar of Zin.
  4120 | D:5      | Entered Level 5 of the Dungeon
  4121 | D:5      | Noticed Duvessa
  4126 | D:5      | Noticed Dowan
  4127 | D:5      | Killed Duvessa
  4129 | D:5      | Killed Dowan
  4197 | D:4      | Became a worshipper of the Shining One
  4242 | D:5      | Reached skill level 9 in Polearms
  4310 | D:5      | Noticed Ijyb
  4316 | D:5      | Killed Ijyb
  4614 | D:5      | Found a staircase to the Ecumenical Temple.
  4689 | D:5      | Reached skill level 10 in Polearms
  4867 | D:6      | Noticed Grinder
  4880 | D:6      | Reached XP level 9. HP: 64/81 MP: 8/8
  4881 | D:6      | Killed Grinder
  4933 | D:6      | Noticed Pikel
  4939 | D:6      | Killed Pikel
  4940 | D:6      | Reached skill level 11 in Polearms
  5103 | D:6      | Noticed a +0 dagger
  5104 | D:6      | Noticed a +0 falchion
  5104 | D:6      | Noticed a +0 short sword
  5104 | D:6      | Noticed a +0 spear
  5106 | D:6      | Noticed a +0 dagger
  5107 | D:6      | Noticed a +0 spear
  5108 | D:6      | Noticed a +0 falchion
  5108 | D:6      | Reached * piety under the Shining One
  5109 | D:6      | Noticed a +0 short sword
  5119 | D:6      | Found a hide-covered altar of Uskayaw.
  5236 | D:6      | Reached skill level 12 in Polearms
  5610 | D:7      | Reached XP level 10. HP: 66/91 MP: 9/9
  5751 | D:7      | Noticed Prince Ribbit
  5786 | D:7      | Killed Prince Ribbit
  5934 | D:7      | Found a flagged portal.
  5956 | Bailey   | Entered a bailey
  6059 | Bailey   | Noticed a cane toad
  6060 | Bailey   | Noticed a vault guard
  6063 | Bailey   | Killed a cane toad
  6064 | Bailey   | Reached skill level 10 in Fighting
  6064 | Bailey   | Reached skill level 13 in Polearms
  6067 | Bailey   | Killed a vault guard
  6068 | Bailey   | Reached skill level 10 in Armour
  6121 | Bailey   | Noticed a vault guard
  6128 | Bailey   | Killed a vault guard
  6226 | Bailey   | Reached skill level 14 in Polearms
  6398 | D:7      | Noticed Jeremiah
  6407 | D:7      | Killed Jeremiah
  6505 | D:7      | Noticed Maggie
  6509 | D:7      | Killed Maggie
  6769 | D:8      | Reached XP level 11. HP: 101/101 MP: 10/10
  6797 | D:8      | Reached ** piety under the Shining One
  7189 | D:9      | Found Feyth's Book Shop.
  7356 | D:9      | Found Fur Afek's Assorted Antiques.
  7419 | D:9      | Bought a crude glaive for 230 gold pieces
  7419 | D:9      | Identified the +8 glaive of Chance {freeze, Int+3} (You
                  | bought it in a shop on level 9 of the Dungeon)
  7438 | D:9      | Found a shadowy altar of Dithmenos.
  7468 | D:9      | Found a sparkling altar of Nemelex Xobeh.
  7497 | D:9      | Found Oloquif's Weapon Shop.
  7717 | D:9      | Found a shimmering altar of Xom.
  7717 | D:9      | Found a shimmering altar of Xom.
  7717 | D:9      | Found a shimmering altar of Xom.
  7717 | D:9      | Found a shimmering altar of Xom.
  7718 | D:9      | Found a shimmering altar of Xom.
  7718 | D:9      | Found a shimmering altar of Xom.
  7718 | D:9      | Found a shimmering altar of Xom.
  7718 | D:9      | Found a shimmering altar of Xom.
  7718 | D:9      | Found a shimmering altar of Xom.
  7719 | D:9      | Found a shimmering altar of Xom.
  7870 | D:9      | Found Fos Vafa's Antique Armour Emporium.
  8107 | D:10     | Entered Level 10 of the Dungeon
  8300 | D:10     | Reached skill level 15 in Polearms
  8306 | D:10     | Found an ancient bone altar of Kikubaaqudgha.
  8570 | D:10     | Found a staircase to the Orcish Mines.
  8747 | D:11     | Found a white marble altar of Elyvilon.
  9080 | D:11     | Noticed a green ugly thing
  9085 | D:11     | Killed a green ugly thing
  9086 | D:11     | Reached skill level 16 in Polearms
  9175 | D:11     | Noticed a death yak
  9176 | D:11     | Noticed a death yak
  9177 | D:11     | Found a staircase to the Lair.
  9177 | D:11     | Noticed a death yak
  9183 | D:11     | Killed a death yak
  9192 | D:11     | Killed a death yak
  9196 | D:11     | Killed a death yak
  9197 | D:11     | Reached XP level 12. HP: 70/113 MP: 11/11
  9505 | D:11     | Reached *** piety under the Shining One
  9657 | D:12     | Noticed a two-headed ogre
  9663 | D:12     | Killed a two-headed ogre
 10350 | D:12     | Reached skill level 17 in Polearms
 10727 | D:12     | Found a hazy altar of Hepliaklqana.
 11027 | D:13     | Noticed Josephine
 11034 | D:13     | Reached **** piety under the Shining One
 11041 | D:13     | Killed Josephine
 11192 | D:13     | Noticed a centaur warrior
 11198 | D:13     | Killed a centaur warrior
 11390 | D:13     | Noticed a seven-headed hydra
 11392 | D:13     | Noticed a boulder beetle
 11399 | D:13     | Killed a three-headed hydra
 11400 | D:13     | Reached skill level 18 in Polearms
 11401 | D:13     | Noticed an eight-headed hydra
 11405 | D:13     | Killed a five-headed hydra
 11406 | D:13     | Noticed a tengu warrior
 11428 | D:13     | Killed a tengu warrior
 11431 | D:13     | Noticed a tengu warrior
 11435 | D:13     | Killed a boulder beetle
 11463 | D:13     | Killed a tengu warrior
 11621 | D:13     | Reached XP level 13. HP: 114/123 MP: 12/12
 11931 | D:13     | Reached ***** piety under the Shining One
 11943 | D:13     | Noticed Azrael
 11951 | D:13     | Killed Azrael
 12345 | D:14     | Reached skill level 19 in Polearms
 12628 | D:14     | Noticed an ironbound preserver
 12638 | D:14     | Killed an ironbound preserver
 12957 | D:14     | Found a gate to the Vaults.
 13642 | D:14     | Noticed Roxanne
 13650 | D:14     | HP: 2/125 [Roxanne/crystal spear (48)]
 14495 | D:15     | Entered Level 15 of the Dungeon
 14507 | D:15     | Reached skill level 20 in Polearms
 14847 | D:15     | Reached skill level 15 in Fighting
 14851 | D:15     | Reached skill level 15 in Armour
 15123 | D:15     | Found a runed translucent gate.
 15124 | D:15     | Found a runed translucent gate.
 15125 | D:15     | Found a runed translucent gate.
 15126 | D:15     | Noticed Sacsyrch's ghost (journeyman DrMo)
 15127 | D:15     | Noticed an ettin
 15346 | D:15     | Reached XP level 14. HP: 116/135 MP: 13/13
 15688 | D:15     | Found a shimmering blue altar of Sif Muna.
 16189 | D:15     | Found a staircase to the Depths.
 16339 | Lair:1   | Entered Level 1 of the Lair of Beasts
 17813 | Lair:2   | Identified the +2 pair of boots of the Swamp {rC+}
 17831 | Lair:2   | Reached skill level 21 in Polearms
 17852 | Lair:2   | Found a dark tunnel.
 17864 | Volcano  | Entered a volcano
 18091 | Volcano  | Found a radiant altar of Vehumet.
 18202 | Lair:2   | Reached ****** piety under the Shining One
 18383 | Lair:2   | Found a staircase to the Swamp.
 18639 | Lair:2   | Found a staircase to the Snake Pit.
 19456 | Lair:3   | Noticed Amaemon
 19470 | Lair:3   | Killed Amaemon
 19495 | Lair:3   | Found a frozen archway.
 19513 | IceCv    | Entered an ice cave
 19917 | IceCv    | Reached skill level 22 in Polearms
 20002 | IceCv    | Reached XP level 15. HP: 135/145 MP: 14/14
 21023 | Lair:4   | Found a staircase to the Slime Pits.
 21926 | Lair:5   | Entered Level 5 of the Lair of Beasts
 22108 | Lair:5   | Reached skill level 23 in Polearms
 22877 | Lair:5   | Identified the ring of Igebb {rCorr Dex+2 SInv}
 23000 | Lair:5   | Reached XP level 16. HP: 156/156 MP: 15/15
 23446 | Orc:1    | Entered Level 1 of the Orcish Mines
 23643 | Orc:1    | Found Ycevih's Mass Market.
 23910 | Orc:1    | Found a runed translucent door.
 23984 | Orc:1    | Noticed Troll's ghost (journeyman HOFi)
 23990 | Orc:2    | Entered Level 2 of the Orcish Mines
 24139 | Orc:2    | Found a staircase to the Elven Halls.
 24392 | Orc:2    | Reached skill level 24 in Polearms
 24568 | Orc:2    | Found Zyttebit's Book Shop.
 24732 | Orc:2    | Found Poic's Antique Armour Shop.
 24796 | Orc:2    | Found Zyf Otov's Antique Weapon Shop.
 24811 | Orc:2    | Found Idewou's General Store.
 24916 | Orc:2    | Bought a faintly glowing hat for 198 gold pieces
 24916 | Orc:2    | Identified the +0 hat of the Old and Reckless {rN+} (You
                  | bought it in a shop on level 2 of the Orcish Mines)
 24916 | Orc:2    | Bought a pair of runed boots for 165 gold pieces
 24952 | Orc:2    | Bought a manual of Armour for 1040 gold pieces
 25313 | Snake:1  | Entered Level 1 of the Snake Pit
 25997 | Snake:2  | Found Ysemugogg's Antique Armour Boutique.
 26132 | Snake:2  | Found a sparkling altar of Nemelex Xobeh.
 26315 | Snake:2  | Bought a faintly glowing chain mail for 209 gold pieces
 26315 | Snake:2  | Identified the +1 chain mail of Responsibility {rElec} (You
                  | bought it in a shop on level 2 of the Snake Pit)
 26315 | Snake:2  | Bought a jewelled chain mail for 209 gold pieces
 26315 | Snake:2  | Identified the +2 chain mail of Recklessness {rPois rF-
                  | rC+++ Int+3} (You bought it in a shop on level 2 of the
                  | Snake Pit)
 26478 | Snake:3  | Identified the "Diebbiru"
 26914 | Snake:3  | Found a runed translucent gate.
 26915 | Snake:3  | Found a runed translucent gate.
 26915 | Snake:3  | Found a runed translucent gate.
 26917 | Snake:3  | Noticed Busheng's ghost (adept DESh)
 26943 | Snake:3  | Reached skill level 25 in Polearms
 26957 | Snake:3  | Noticed Mlioglotl
 26972 | Snake:3  | Killed Mlioglotl
 27079 | Snake:3  | Found Edgha's Book Boutique.
 27079 | Snake:3  | Found Jeotydwu's Jewellery Emporium.
 27080 | Snake:3  | Found Qessuguxt's Jewellery Emporium.
 27414 | Snake:4  | Entered Level 4 of the Snake Pit
 27676 | Snake:4  | Reached XP level 17. HP: 140/168 MP: 16/16
 27685 | Snake:4  | HP: 6/168 [naga warrior/+0 glaive (17)]
 27686 | Snake:4  | Succumbed to a black mamba's poison

Illustrated notes

Levels and vault maps discovered:
D:1:      dpeg_arrival_short_road, layout_rooms,
          ebering_ecumenical_altar_petrified, minmay_tromino_i4
D:2:      layout_basic, minmay_misc_feat_rows, supply_closet_lemuel,
          uniq_crazy_yiuf_cottage, uniq_terence
D:3:      layout_basic, mainiacjoe_sewer_entry_somewhere_in_here_2,
          serial_shops, nicolae_shop_tiny_glass, nicolae_half_adder,
          uniq_sigmund
D:4:      layout_loops_ring, minitemple, serial_undead, serial_undead_d,
          serial_undead_e, serial_undead_c, serial_undead_a, serial_undead_b,
          serial_undead_d, serial_undead_e, serial_undead_e,
          gup_ossuary_entry_pyramid
D:5:      layout_basic, minmay_temple_entry_antechambers, uniq_ijyb,
          uniq_duvessa
D:6:      layout_cave_pools, nicolae_uskayaw_en_pointe, uniq_pikel, uniq_grinder
D:7:      nicolae_cairo_tiling_very_big, layout_rooms, enter_bailey_7,
          uniq_jeremiah, uniq_prince_ribbit1, uniq_maggie
D:8:      layout_cave_pools
D:9:      layout_basic, mainiacjoe_overflow_cross_hatched, xom_redecorated,
          kennysheep_mini, serial_shops, nicolae_lakefront_shop, shop,
          nicolae_shop_tiny_statue_garden, nicolae_shop_waterfront, the_hattery
D:10:     layout_roguey, mainiacjoe_overflow_small_starburst, orc_0_dummy
D:11:     layout_loops_cross, dpeg_lair_monsters, elyvilon_altar_1
D:12:     layout_gridville, nicolae_hepliaklqana_monster_ancestors
D:13:     layout_roguey, nrook_campfire, minivault_10, uniq_josephine,
          uniq_azrael
D:14:     layout_cave_pods, skrybe_vaults_entry_preservation, uniq_roxanne
D:15:     grunt_enter_depths_magical_seal, layout_basic, gammafunk_ghost_split,
          led_sif_pool, grunt_decor_arrowhead
Lair:1:   lemuel_slime, layout_layer_cave, serial_bayou_shore_a
Lair:2:   layout_gridlike, swamp_mist, guppyfry_snake_entry_garden,
          nicolae_volcano_entry_two_sided, serial_bayou_crossing
Lair:3:   layout_hall_layers, portal_ice_cave_entry_ice_simulacra,
          infiniplex_staircase_pool, uniq_amaemon
Lair:4:   layout_layer_cave, nicolae_slime_entry_slimehenge
Lair:5:   hangedman_lair_caniforms_friends, layout_long_grid,
          guppyfry_lair_end_dragon
Snake:1:  layout_rooms
Snake:2:  layout_basic, serial_shops, nicolae_shop_window_shopping, basic_altar
Snake:3:  layout_basic, gammafunk_ghost_split, st_stairs_8,
          serial_library_hellmonk_layered_room, serial_bayou_shore_b,
          minmay_shop_grove, uniq_mlioglotl, uniq_vashnia
Snake:4:  snake_pit, layout_rooms
Orc:1:    layout_diamond_mine, ebering_ghost_reflecting_pool,
          nicolae_orc_stony_grotto, minmay_shop_mass
Orc:2:    grunt_orc_cross, layout_diamond_mine

Skill      XL: |  1  2  3  4  5  6  7  8  9 10 11 12 13 14 15 16 |
---------------+-------------------------------------------------+-----
Polearms       | 3 4 5 6 8 10 12 14 16 18 20 22 23 25 | 25.3
Armour         | 4 5 6 7 9 10 12 13 15 16 17 19 | 19.7
Fighting       | 4 5 6 7 9 10 12 13 15 16 17 19 | 19.4
Shields        | |  3.6

Action                     |  1- 3 |  4- 6 |  7- 9 | 10-12 | 13-15 | 16-18 || total
---------------------------+-------+-------+-------+-------+-------+-------++-------
  Melee: Trident           |   103 |   168 |   129 |       |       |       ||   400
         Headbutt          |    14 |    19 |    38 |    75 |   241 |    64 ||   451
         Halberd           |       |       |   113 |   396 |   584 |       ||  1093
         Glaive            |       |       |       |       |   440 |   461 ||   901
    Use: Scroll            |       |    12 |       |    10 |     9 |    12 ||    43
         Potion            |       |       |       |       |       |     2 ||     2
 Armour: Scale mail        |    51 |    67 |   106 |    31 |       |       ||   255
         Plate armour      |       |       |       |   172 |   418 |       ||   590
         Crystal plate arm |       |       |       |       |   262 |   319 ||   581
  Dodge: Dodged            |    26 |    48 |    51 |    68 |   154 |    77 ||   424
  Block: Buckler           |    11 |    31 |    14 |       |       |       ||    56

Table legend: (Time is in decaauts)
 A = Elapsed time spent in this place.
 B = Non-inter-level travel time spent in this place.
 C = Inter-level travel time spent in this place.
 D = Time resting spent in this place.
 E = Time spent auto-exploring this place.
 F = Levels seen in this place.
 G = Mean time per level.
                   A        B        C        D        E       F      G
               +--------+--------+--------+--------+--------+-----+--------+
         Total |  27285 |  25964 |   1321 |   1943 |  18867 |  31 |  880.2 |
       Dungeon |  15376 |  14400 |    976 |   1223 |  10576 |  15 | 1025.1 |
          Lair |   5661 |   5473 |    188 |    265 |   4160 |   5 | 1132.2 |
     Snake Pit |   2204 |   2161 |     43 |    112 |   1694 |   4 |  551.0 |
  Orcish Mines |   1489 |   1377 |    112 |     73 |    951 |   2 |  744.5 |
         Sewer |    406 |    406 |      0 |      0 |    261 |   1 |  406.0 |
       Ossuary |    445 |    445 |      0 |      0 |    329 |   1 |  445.0 |
        Bailey |    372 |    372 |      0 |      0 |    267 |   1 |  372.0 |
      Ice Cave |   1047 |   1047 |      0 |    269 |    526 |   1 | 1047.0 |
       Volcano |    281 |    281 |      0 |      0 |    102 |   1 |  281.0 |
               +--------+--------+--------+--------+--------+-----+--------+

Top non-repeatable levels by time:
    D:14: 1956 daAuts
    D:15: 1788 daAuts
    D:13: 1540 daAuts
    D:12: 1489 daAuts
  Lair:5: 1346 daAuts
  Lair:1: 1333 daAuts
  Lair:2: 1200 daAuts
   IceCv: 1047 daAuts
     D:3: 1041 daAuts
     D:2: 1022 daAuts
    D:11: 1005 daAuts
   Orc:2: 956 daAuts
     D:9: 933 daAuts
 Snake:3: 916 daAuts
  Lair:4: 890 daAuts
